 Dungeon Crawl Stone Soup version 0.23.2-40-g277498a (webtiles) character file.

Game seed: 2607937395785060956

361 Balder the Chopper (level 6, -2/51 HPs)
             Began as a Hill Orc Gladiator on Aug 20, 2019.
             Was an Initiate of Okawaru.
             Slain by a gnoll
             ... wielding a +0 halberd
              (6 damage)
             ... on level 5 of the Dungeon.
             The game lasted 00:14:14 (4048 turns).

Balder the Chopper (Hill Orc Gladiator)             Turns: 4048, Time: 00:14:15

Health: -2/51      AC:  6    Str: 19    XL:     6   Next: 66%
Magic:  6/6        EV: 12    Int:  8    God:    Okawaru [......]
Gold:   248        SH:  0    Dex: 12    Spells: 5/5 levels left

rFire    . . .     SeeInvis +   a - +0 war axe
rCold    . . .     Gourm    .   (no shield)
rNeg     . . .     Faith    .   w - +0 ring mail
rPois    .         Spirit   .   c - +0 helmet
rElec    .         Reflect  .   (no cloak)
rCorr    .         Harm     .   (no gloves)
MR       .....                  (no boots)
Stlth    +.........             (no amulet)
HPRegen  0.17/turn              j - ring of see invisible
MPRegen  0.10/turn              (no ring)

@: no status effects
A: no striking features
a: Renounce Religion


You were on level 5 of the Dungeon.
You worshipped Okawaru.
Okawaru was noncommittal.
You were not hungry.

You visited 1 branch of the dungeon, and saw 5 of its levels.

You collected 248 gold pieces.

Inventory:

Hand Weapons
 a - a +0 war axe (weapon)
 y - a +0 falchion
 z - a +0 longbow
Missiles
 d - a throwing net (quivered)
 p - 6 javelins
Armour
 c - a +0 helmet (worn)
 o - a +0 pair of boots
 w - a +0 ring mail (worn)
Jewellery
 j - a ring of see invisible (left hand)
Wands
 B - a wand of acid (10)
Scrolls
 e - a scroll of teleportation {unknown}
 h - a scroll of identify
 k - a scroll of immolation {unknown}
 l - a scroll of noise {unknown}
 n - a scroll of magic mapping {unknown}
 r - a scroll of blinking {unknown}
 t - a scroll of fog {unknown}
 u - a scroll of remove curse {unknown}
 A - a scroll of amnesia {unknown}
Potions
 b - a potion of mutation {unknown}
 g - a potion of heal wounds {unknown}
 i - 2 potions of curing {unknown}
 m - 4 potions of flight {unknown}
 q - a potion of agility {unknown}
 s - a potion of berserk rage {unknown}
 v - 2 potions of brilliance {unknown}
 x - a potion of invisibility {unknown}
Comestibles
 f - 12 rations
 C - 8 chunks of flesh


   Skills:
 * Level 3.5 Fighting
 * Level 6.9 Axes
 * Level 2.4 Throwing
 * Level 3.0 Armour
 + Level 2.7 Dodging
 * Level 1.6 Stealth


You had 5 spell levels left.
You didn't know any spells.
Your spell library was empty.

Dungeon Overview and Level Annotations

Branches:
Dungeon (5/15)
 Temple: D:4-7

Altars:
Cheibriados
Fedhas
Kikubaaqudgha
Okawaru
Ru
Uskayaw
Xom
Yredelemnul
Beogh

Shops:
D:5 ([[

Annotations:
D:4 1 transporter, blackflag1's ghost, novice OpTm
D:5 3 runed translucent doors, paraphrased's ghost, novice GrFi


Message History

The gnoll shouts! x2
Found 4 gold pieces.
The gnoll hits you!
Your ring mail prevents you from hitting the gnoll.
The gnoll closely misses you. The gnoll hits you.
You slash the gnoll!
The gnoll is almost dead.
The gnoll barely misses you.
The gnoll hits you from afar with a +0 halberd!
The gnoll hits you but does no damage. The gnoll barely misses you.
The gnoll hits you with a +0 club. The gnoll hits you with a +0 spear.
The gnoll hits you with a +0 halberd!
* * * LOW HITPOINT WARNING * * *
Your ring mail prevents you from hitting the gnoll.
You barely miss the gnoll. x3; The gnoll hits you!
* * * LOW HITPOINT WARNING * * *
The gnoll hits you with a +0 club.
* * * LOW HITPOINT WARNING * * *
The gnoll misses you. The gnoll hits you with a +0 halberd.
You die...

...+
.......#.....#
...# ####
#....#.....# $....
#....#.....# .....
#....'.....#
......#....#.....#
......#....#.....#
......#+####.....#
#...g..........#
#...g@.........#
#...gg.........#
#..............#
#..............#
#..............#
#..............#
......#####.....#
+...... #######
#......


You could see 4 gnolls.

Vanquished Creatures
  A howler monkey (D:4)
  An iguana (D:4)
  Natasha (thrice) (D:3)
  2 worker ants
  Robin (D:4)
  5 adders
  A shadow imp (D:2)
  An ooze (D:2)
  A worm (D:3)
  3 dart slugs
  6 leopard geckos
  An orc (D:3)
  9 bats
  7 giant cockroaches
  17 goblins
  9 hobgoblins
  12 jackals
  3 kobolds
  2 quokkas (D:3)
  2 ball pythons
  3 frilled lizards
  A jackal skeleton (D:5)
  7 rats
98 creatures vanquished.

Notes
Turn   | Place    | Note
-------+----------+-------------------------------------------
     0 | D:1      | Balder the Hill Orc Gladiator began the quest for the Orb.
     0 | D:1      | Reached XP level 1. HP: 18/18 MP: 1/1
   179 | D:1      | Reached XP level 2. HP: 25/25 MP: 2/2
   770 | D:1      | Reached XP level 3. HP: 30/30 MP: 3/3
  1140 | D:2      | Reached skill level 1 in Armour
  1185 | D:2      | Reached skill level 5 in Axes
  1364 | D:2      | Noticed a bullfrog
  1398 | D:2      | Reached XP level 4. HP: 35/37 MP: 4/4
  1580 | D:3      | Reached skill level 1 in Stealth
  2001 | D:3      | Found an ancient bone altar of Kikubaaqudgha.
  2002 | D:3      | Found a blossoming altar of Fedhas.
  2153 | D:3      | Reached XP level 5. HP: 27/44 MP: 5/5
  2347 | D:3      | Found a snail-covered altar of Cheibriados.
  2347 | D:3      | Found a hide-covered altar of Uskayaw.
  2557 | D:3      | Noticed Natasha
  2566 | D:3      | Killed Natasha
  2566 | D:3      | Reached skill level 6 in Axes
  2703 | D:3      | Found a shimmering altar of Xom.
  2703 | D:3      | Found an iron altar of Okawaru.
  2704 | D:3      | Found a basalt altar of Yredelemnul.
  2715 | D:3      | Became a worshipper of Warmaster Okawaru
  2733 | D:3      | Noticed Natasha
  2742 | D:3      | Killed Natasha
  2936 | D:3      | Noticed Natasha
  2941 | D:3      | Killed Natasha
  2985 | D:4      | Noticed Robin
  2995 | D:4      | Killed Robin
  3008 | D:4      | Reached XP level 6. HP: 41/51 MP: 6/6
  3554 | D:4      | Found a transporter.
  3554 | D:4      | Noticed blackflag1's ghost (novice OpTm)
  3557 | D:4      | Identified the +9 great mace "Cagaqaos" {flame, rC+ Str+5}
  3653 | D:5      | Entered Level 5 of the Dungeon
  3780 | D:5      | Found a sacrificial altar of Ru.
  3818 | D:5      | Found a runed translucent gate.
  3818 | D:5      | Identified the cursed +1 mace of Guar {venom, rPois Dex+8}
  3818 | D:5      | Noticed paraphrased's ghost (novice GrFi)
  3819 | D:5      | Found a runed translucent gate.
  3820 | D:5      | Found a runed translucent gate.
  3830 | D:5      | Found a roughly hewn altar of Beogh.
  3864 | D:5      | Found Wagynat's Weapon Shoppe.
  3954 | D:5      | Found Gioluik's Armour Emporium.
  3976 | D:5      | Found Niem Ecs's Antique Armour Shoppe.
  4048 | D:5      | Slain by a gnoll

Skill      XL: |  1  2  3  4  5  6 |
---------------+-------------------+-----
Armour         | 1 2 3 |  3.0
Axes           | 5 6 |  6.9
Stealth        | 1 |  1.6
Throwing       | 2 |  2.4
Fighting       | 3 |  3.5
Dodging        | |  2.7

Action                   |  1- 3 |  4- 6 || total
-------------------------+-------+-------++-------
Melee: War axe           |   111 |   177 ||   288
Throw: Throwing net      |       |     2 ||     2
  Use: Potion            |       |     2 ||     2
       Scroll            |       |     2 ||     2
 Stab: Sleeping          |     2 |       ||     2
       Held in net/web   |       |     1 ||     1
  Eat: Chunk             |     2 |     5 ||     7
       Ration            |       |     1 ||     1
Armor: Leather armour    |    30 |    22 ||    52
       Ring mail         |       |    39 ||    39
Dodge: Dodged            |    76 |   121 ||   197
